 Dungeon Crawl Stone Soup version 0.31-a0-1165-g196b491b36 (webtiles) character file.

Game seed: 2585009469686183376

1852 avis the Nimble (level 8, 42/42 HPs)
             Began as a Felid Shapeshifter on Dec 10, 2023.
             Was an Initiate of Gozag.
             Got out of the dungeon alive.
             The game lasted 00:39:10 (6726 turns).

avis the Nimble (Felid Shapeshifter)                Turns: 6726, Time: 00:39:10

Health: 42/42      AC:  2    Str: 10    XL:     8   Next: 88%
Magic:  12/12      EV: 27    Int: 14    God:    Gozag
Gold:   713        SH:  0    Dex: 18    Spells: 9/11 levels left
                                        Lives:  0   Deaths: 3

rFire   . .          .
                       - Unarmed
rCold   . . .        (shield unavailable)
rNeg    . . .        (body armour unavailable)
rPois   .            (helmet unavailable)
rElec   .            (cloak unavailable)
rCorr   .            (gloves unavailable)
SInv    +            (boots unavailable)
Will    +....        e - amulet of regeneration
Stlth   +            (no ring)
HPRegen 1.07/turn    (no ring)
MPRegen 0.13/turn

%: no passive effects
@: flux-form, glowing
A: glow, contaminating, very small, claws 1, fangs 3, see invisible, shaggy fur
2, stealthy paws, no weapons or thrown items, no armour, multi-lived
a: Begin Untransformation, Renounce Religion, Potion Petition, Call Merchant,
Bribe Branch


You escaped.
You worshipped Gozag.
Gozag was pleased with you.
You were something dangerously unstable.
You visited 2 branches of the dungeon, and saw 7 of its levels.
You also visited: Ossuary.

You collected 767 gold pieces.
You paid 54 gold pieces to Gozag.

Inventory:

Jewellery
 e - an amulet of regeneration (around neck)
 q - a ring of ice
 r - an amulet of the acrobat
Talismans
 b - a beast talisman
 f - a flux talisman (active)
Scrolls
 a - a scroll of vulnerability
 c - 2 scrolls of enchant weapon
 d - a scroll of brand weapon
 i - 4 scrolls of teleportation
 m - a scroll of enchant armour
 n - a scroll of poison
 t - a scroll of noise {unknown}
 v - a scroll of identify
Potions
 g - 2 potions of cancellation
 h - 3 potions of curing
 j - 5 potions of magic
 k - 5 potions of brilliance
 o - a potion of lignification
 s - a potion of enlightenment {unknown}
 u - a potion of resistance {unknown}


   Skills:
 - Level 4.0 Fighting
 - Level 9.0 Dodging
 - Level 3.0 Unarmed Combat
 - Level 2.0 Spellcasting
 - Level 2.0 Transmutations
 * Level 7.2 Shapeshifting


You had 9 spell levels left.
You knew the following spells:

 Your Spells              Type           Power      Damage    Failure   Level
e - Wereblood             Tmut           7%         N/A       16%         2

Your spell library contained the following spells:

 Spells                   Type           Power      Damage    Failure   Level
 Poisonous Vapours        Pois/Air       2%         N/A       34%         2
 Sublimation of Blood     Necr           1%         N/A       34%         2
 Mephitic Cloud           Conj/Pois/Air  1%         N/A       56%         3
 Freezing Cloud           Conj/Ice/Air   0%         6-21      100%        5
 Summon Forest            Summ/Tloc      0%         N/A       100%        5
 Eringya's Noxious Bog    Tmut/Pois      2%         4d6       100%        6
 Summon Hydra             Summ           0%         N/A       100%        7


Dungeon Overview and Level Annotations

Branches:
Dungeon (6/15)             Temple (1/1) D:4         Ossuary (visited)

Altars:
Ashenzari
Cheibriados
Dithmenos
Elyvilon
Fedhas
Gozag
Hepliaklqana
Kikubaaqudgha
Makhleb
Okawaru
Qazlal
Ru
Sif Muna
Trog
Uskayaw
Wu Jian
Xom
Yredelemnul
The Shining One

Shops:
D:4 (

Annotations:
D:5 1 transporter, DApurpleWHUMPUS's ghost, novice OgFE
D:6 Jeremiah


Innate Abilities, Weirdness & Mutations

You are something dangerously unstable.
You glow with magical radiation, making you easy to see and hit.
Foes you strike become dangerously contaminated with magical radiation.
You have sharp claws.
You have razor-sharp teeth.
You have supernaturally acute eyesight. (SInv)
You are covered in thick fur. (AC +2)
Your paws help you pounce on unaware monsters.
You are incapable of wielding weapons or throwing items.
You cannot wear armour.
You gain extra lives every three experience levels.


Message History

You feel drained.
* * * LOW HITPOINT WARNING * * *
You scratch Jeremiah but do no damage.
Jeremiah begins to glow.
You bite Jeremiah.
Jeremiah is almost dead.
The butterfly disappears in a burst of colours!
Jeremiah throws their arms up pleadingly.
Something smites you!
You die...
Your shape twists and changes as you die.
You rejoin the land of the living...
Okay, then.
What level of the Dungeon? (default 5, ? - help)
Things that are here:
a +0 short sword; a +0 leather armour You see here a +0 spear.
There is a stone staircase leading up here.
You climb upwards.
Level annotation: 1 transporter, DApurpleWHUMPUS's ghost, novice OgFE
There is a stone staircase leading down here.
There is a stone staircase leading up here.
You climb upwards.
There is a stone staircase leading down here.
You see here a +0 giant spiked club.
You see here a +0 giant club.
There is a stone staircase leading up here.
You climb upwards.
There is a stone staircase leading down here.
You open the door.
What level of the Dungeon? (default 1, ? - help)
There is an open door here.
There is a stone staircase leading up here.
You climb upwards.
There is a stone staircase leading down here.
There is a stone staircase leading up here.
You climb upwards.
There is a stone staircase leading down here.
There is an open door here.
There is a staircase leading out of the dungeon here.
You have escaped!

##############
#............#
#######.##########.###
#####....................#
#...............######.#.#
#######.###.#########.#
#.#.##
.........##.#...p...#.#
#.....
###.###..#..#8.....8#.#
#.....
##.##########.....####
#.#...
##..........+..8.8..#
#.####
.).###########.....#######
#.# ####
#..#)..#.....#.....#
#.####
#..#.###.8.8.#.....#
#....†
#######..#..##[....#.....#
#.####
........)#.#.#...=.#.....#
#.#


There were no monsters in sight!

Vanquished Creatures
  Sigmund (D:6)
  Menkaure (D:4)
  An ice beast (D:5)
  A sky beast (D:6)
  2 ogres (D:4)
  A phantom (D:5)
  A bullfrog (D:3)
  2 scorpions (D:4)
  6 water moccasin zombies (Ossuary)
  A jelly (D:6)
  4 orc priests
  A spectral scorpion (Ossuary)
  6 orc wizards
  2 bullfrog simulacra (Ossuary)
  2 mummies (Ossuary)
  4 adders
  7 gnolls
  2 white imps (D:5)
  7 adder zombies (Ossuary)
  A worm (D:5)
  2 dart slugs
  16 orcs
  12 endoplasms
  3 giant cockroaches
  7 goblins
  8 hobgoblins
  3 jackals (D:3)
  7 kobolds
  5 quokkas
  8 ball pythons
  4 bats
  7 frilled lizards
  4 gnoll zombies (Ossuary)
  4 hobgoblin zombies (Ossuary)
  2 kobold zombies (Ossuary)
  7 orc zombies (Ossuary)
  4 rats (D:1)
156 creatures vanquished.

Vanquished Creatures (others)
  An orc wizard (D:4)
1 creature vanquished.

Grand Total: 157 creatures vanquished

Notes
Turn   | Place    | Note
-------+----------+-------------------------------------------
     0 | D:1      | avis the Felid Shapeshifter began the quest for the Orb.
     0 | D:1      | Reached XP level 1. HP: 10/10 MP: 2/2
   130 | D:1      | Reached XP level 2. HP: 7/14 MP: 3/3
   310 | D:1      | Found a faded altar of an unknown god.
   397 | D:1      | Reached XP level 3. HP: 18/18 MP: 4/4
   598 | D:1      | Reached skill level 3 in Dodging
  1733 | D:3      | Learned a level 2 spell: Wereblood
  1775 | D:3      | Reached XP level 4. HP: 21/23 MP: 5/5
  1902 | D:3      | Reached skill level 4 in Dodging
  2137 | D:3      | Noticed a bullfrog
  2150 | D:3      | Killed a bullfrog
  2151 | D:3      | Reached skill level 5 in Dodging
  2151 | D:3      | Reached skill level 1 in Spellcasting
  2151 | D:3      | Reached XP level 5. HP: 10/28 MP: 5/7
  2498 | D:3      | Identified the +11 flail of the Big Fish {drain, Int+3}
  2638 | D:3      | Found an iron altar of Okawaru.
  2825 | D:4      | Found Pisewo's Weapon Shop.
  2946 | D:4      | Reached skill level 1 in Transmutations
  2981 | D:4      | Gained mutation: You are covered in thick fur. (AC +2)
                  | [Felid growth]
  2981 | D:4      | Reached XP level 6. HP: 32/32 MP: 8/8
  2988 | D:4      | Reached skill level 6 in Dodging
  3116 | D:4      | Noticed Menkaure
  3130 | D:4      | Killed Menkaure
  3912 | D:4      | Reached skill level 5 in Shapeshifting
  3912 | D:4      | Reached XP level 7. HP: 26/36 MP: 9/9
  4038 | D:4      | Found a staircase to the Ecumenical Temple.
  4047 | Temple   | Entered the Ecumenical Temple
  4058 | Temple   | Became a worshipper of Gozag Ym Sagoz the Greedy
  4169 | D:4      | HP: 1/36 [ogre/+0 giant club (35)]
  4551 | D:5      | Entered Level 5 of the Dungeon
  4602 | D:5      | Found an ancient bone altar of Kikubaaqudgha.
  4613 | D:5      | Killed from afar by a white imp
  4758 | D:5      | Found a transporter.
  4758 | D:5      | Noticed DApurpleWHUMPUS's ghost (novice OgFE)
  4994 | D:5      | Found a sand-covered staircase.
  5068 | Ossuary  | Entered an ossuary
  5157 | Ossuary  | Reached XP level 8. HP: 25/40 MP: 10/10
  5520 | D:5      | Found an ornate altar of the Wu Jian Council.
  5658 | D:5      | Found a glowing golden altar of the Shining One.
  5819 | D:6      | Reached skill level 7 in Dodging
  5990 | D:6      | Found a shimmering altar of Xom.
  6013 | D:6      | Reached skill level 8 in Dodging
  6020 | D:6      | Found a blossoming altar of Fedhas.
  6105 | D:6      | Noticed Sigmund
  6119 | D:6      | Killed Sigmund
  6120 | D:6      | Reached skill level 9 in Dodging
  6271 | D:6      | Found a snail-covered altar of Cheibriados.
  6520 | D:6      | Noticed Jeremiah
  6530 | D:6      | Slain by Jeremiah
  6588 | D:6      | HP: 1/36 [Jeremiah/divine providence (15)]
  6594 | D:6      | Killed from afar by Jeremiah
  6726 | D:$      | Got out of the dungeon alive.

Illustrated notes

Levels and vault maps discovered:
D:1:      elethiomel_arrival_quiet, layout_loops_ring,
          shapermc_ecumenical_altar_mp_ritualfount, st_stairs_3,
          minmay_close_crescents
D:2:      layout_basic
D:3:      layout_loops_corners, general_overflow_altar
D:4:      layout_basic, minmay_temple_entry_antechambers, serial_shops,
          nicolae_stop_n_shop_1, kennysheep_generic_room_8, uniq_menkaure
D:5:      layout_basic, kiku_gazebo_pond_becter, nicolae_wu_jian_wuxing_cycle,
          tso_oasis_becter, nicolae_ossuary_entry_false_entrances,
          gammafunk_ghost_smash, patterned_corridor
D:6:      layout_loops_ring, kennysheep_slug_shrine, overflow_temple_1_default,
          mainiacjoe_overflow_small_starburst, uniq_jeremiah, uniq_sigmund
Temple:   hellmonk_temple_forest_ring

Skill      XL: |  1  2  3  4  5  6  7  8 |
---------------+-------------------------+-----
Shapeshifting  | 3 5 6 7 |  7.2
Fighting       | 2 3 4 |  4.0
Dodging        | 3 5 6 9 |  9.0
Spellcasting   | 1 2 |  2.0
Transmutations | 1 2 |  2.0
Unarmed Combat | |  3.0

Action                     |  1- 3 |  4- 6 |  7- 9 || total
---------------------------+-------+-------+-------++-------
  Melee: Unarmed           |   111 |   135 |   365 ||   611
         Bite              |     5 |    15 |    56 ||    76
         Punch             |     2 |     4 |       ||     6
  Evoke: Wand              |       |       |     5 ||     5
    Use: Potion            |       |     4 |     3 ||     7
         Scroll            |       |       |    18 ||    18
   Stab: Sleeping          |     1 |     6 |       ||     7
         Distracted        |     1 |       |     1 ||     2
 Armour: Skin              |    39 |    35 |    75 ||   149
  Dodge: Dodged            |    79 |   101 |   283 ||   463
   Form: Flux              |       |     1 |     1 ||     2
         Beast             |       |     1 |       ||     1

Table legend: (Time is in decaauts)
 A = Elapsed time spent in this place.
 B = Non-inter-level travel time spent in this place.
 C = Inter-level travel time spent in this place.
 D = Time resting spent in this place.
 E = Time spent auto-exploring this place.
 F = Levels seen in this place.
 G = Mean time per level.
                   A        B        C        D        E       F      G
               +--------+--------+--------+--------+--------+-----+--------+
         Total |   6704 |   5988 |    716 |    614 |   3241 |   8 |  838.0 |
       Dungeon |   6278 |   5582 |    696 |    503 |   3241 |   6 | 1046.3 |
        Temple |     27 |      7 |     20 |      0 |      0 |   1 |   27.0 |
       Ossuary |    398 |    398 |      0 |    111 |      0 |   1 |  398.0 |
               +--------+--------+--------+--------+--------+-----+--------+

Top non-repeatable levels by time:
     D:4: 1706 daAuts
     D:3: 1251 daAuts
     D:1: 1031 daAuts
     D:6: 794 daAuts
     D:5: 783 daAuts
     D:2: 712 daAuts
 Ossuary: 398 daAuts
  Temple: 27 daAuts
